 Dungeon Crawl Stone Soup version 0.27-a0-419-g7a85846853 (webtiles) character file.

Game seed: 7917278084868210500

161 Gaff the Sneak (level 5, -4/32 HPs)
             Began as a Kobold Brigand on Feb 26, 2021.
             Splashed by a jelly's acid (8 damage)
             ... on level 3 of the Dungeon.
             The game lasted 00:05:39 (2652 turns).

Gaff the Sneak (Kobold Brigand)                     Turns: 2652, Time: 00:05:40

Health: -4/32      AC: -2    Str:  8    XL:     5   Next: 70%
Magic:  0/5        EV: 15    Int: 12    God:
Gold:   149        SH:  0    Dex: 18    Spells: 4/4 levels left

rFire    . . .     SeeInvis .   u - +2 dagger (speed)
rCold    . . .     Faith    .   (shield restricted)
rNeg     . . .     Spirit   +   r - +0 leather armour
rPois    .         Reflect  .   (no helmet)
rElec    .         Harm     .   c - +0 cloak
rCorr    .         Rampage  .   (no gloves)
Will     .....                  g - +0 pair of boots
Stlth    ++++......             o - amulet of guardian spirit
HPRegen  0.10/turn              (no ring)
MPRegen  0.09/turn              (no ring)

@: corroded
A: small, nightstalker 3
a: no special abilities


You were on level 3 of the Dungeon.
You visited 1 branch of the dungeon, and saw 3 of its levels.

You collected 149 gold pieces.

Inventory:

Hand Weapons
 a - a +2 dagger
 u - a +2 dagger of speed (weapon)
Missiles
 d - 16 poisoned darts (quivered)
 e - 2 curare-tipped darts
 h - 33 stones
 v - 8 sling bullets
Armour
 b - a +0 robe
 c - a +0 cloak (worn)
 g - a +0 pair of boots (worn)
 r - a +0 leather armour (worn)
Jewellery
 m - an amulet of magic regeneration
 o - an amulet of guardian spirit (around neck)
Scrolls
 i - 5 scrolls of identify {unknown}
 j - a scroll of blinking {unknown}
 k - a scroll of teleportation {unknown}
 p - a scroll of amnesia {unknown}
 q - a scroll of magic mapping {unknown}
 s - a scroll of random uselessness {unknown}
Potions
 f - a potion of ambrosia {unknown}
 l - a potion of magic {unknown}
 n - a potion of flight {unknown}
 t - a potion of invisibility {unknown}


   Skills:
 + Level 3.1 Fighting
 + Level 5.2 Short Blades
 + Level 2.7 Throwing
 + Level 0.1 Armour
 + Level 2.6 Dodging
 - Level 5.9 Stealth


You had 4 spell levels left.
You didn't know any spells.
Your spell library was empty.

Dungeon Overview and Level Annotations

Branches:
Dungeon (3/15)

Altars:


Innate Abilities, Weirdness & Mutations

You are small and have problems with some larger weapons.
You are completely attuned to the shadows.


Message History

You hit the hobgoblin but do no damage.
The hobgoblin is heavily wounded.
The hobgoblin misses you.
You hit the hobgoblin.
The hobgoblin is severely wounded.
The orc hits you from afar with a +0 trident.
You closely miss the hobgoblin.
The hobgoblin is severely wounded.
The hobgoblin completely misses you.
You hit the hobgoblin.
You kill the hobgoblin!
You hit the jelly.
Your hands burn!
The jelly is lightly wounded.
The orc barely misses you.
A hobgoblin comes into view.
The hobgoblin shouts!
You hit the jelly.
Your hands burn!
The jelly is moderately wounded.
You hear a shout! x2; You hear an angry hiss.
The jelly barely misses you.
You hit the jelly. The acid corrodes you!
Your hands burn!
The jelly is heavily wounded.
The orc closely misses you.
You completely miss the jelly.
The jelly is heavily wounded.
The jelly misses you.
You hit the jelly but do no damage.
Your hands burn!
The jelly is heavily wounded.
The orc barely misses you.
You hit the jelly.
Your hands burn!
The jelly is severely wounded.
The jelly hits you. The acid corrodes you!
You are splashed with acid!
* * * LOW HITPOINT WARNING * * *
2 orcs come into view.
An orc is wielding a +0 mace and quivering silver boomerangs.
There is a stone staircase leading up here.
The jelly hits you.
* * * LOW HITPOINT WARNING * * *
You are splashed with acid!
You die...

########
#.)....# .
#(..@Jg## ..
#....o..##.!.
.......o..)...
.......##o##)..
.......##... ..
.....###... .
...


You could see a jelly, 3 orcs and a hobgoblin.

Vanquished Creatures
  Terence (D:2)
  An orc wizard (D:2)
  4 adders (D:2)
  4 worms (D:2)
  A dart slug (D:2)
  2 leopard geckos (D:2)
  5 orcs
  2 bats (D:1)
  4 giant cockroaches
  7 goblins
  5 hobgoblins
  3 jackals (D:1)
  7 kobolds
  3 frilled lizards
  6 rats
55 creatures vanquished.

Notes
Turn   | Place    | Note
-------+----------+-------------------------------------------
     0 | D:1      | Gaff the Kobold Brigand began the quest for the Orb.
     0 | D:1      | Reached XP level 1. HP: 12/12 MP: 1/1
   131 | D:1      | Reached XP level 2. HP: 12/18 MP: 2/2
   525 | D:1      | Reached XP level 3. HP: 22/22 MP: 3/3
  1096 | D:2      | Noticed Terence
  1100 | D:2      | Killed Terence
  1101 | D:2      | Reached XP level 4. HP: 27/27 MP: 4/4
  1517 | D:2      | Reached XP level 5. HP: 32/32 MP: 5/5
  1887 | D:2      | Reached skill level 5 in Short Blades
  2652 | D:3      | Splashed by a jelly's acid

Illustrated notes

Levels and vault maps discovered:
D:1:      amcnicky_arrival_flooded_fountain, layout_rooms
D:2:      layout_basic, uniq_terence
D:3:      gammafunk_steamed_eel, layout_rooms,
          chequers_temple_overflow_statue_of_worship,
          grunt_temple_overflow_open, uniq_natasha

Skill      XL: |  1  2  3  4  5 |
---------------+----------------+-----
Short Blades   | 3 4 5 |  5.2
Dodging        | 2 |  2.6
Fighting       | 3 |  3.1
Throwing       | |  2.7
Armour         | |  0.1
Stealth        | |  5.9

Action                   |  1- 3 |  4- 6 || total
-------------------------+-------+-------++-------
Melee: Dagger            |    72 |   114 ||   186
 Stab: Sleeping          |    10 |    14 ||    24
       Distracted        |       |     1 ||     1
Armor: Robe              |    16 |     1 ||    17
       Leather armour    |       |     3 ||     3
Dodge: Dodged            |    51 |    55 ||   106

Table legend: (Time is in decaauts)
 A = Elapsed time spent in this place.
 B = Non-inter-level travel time spent in this place.
 C = Inter-level travel time spent in this place.
 D = Time resting spent in this place.
 E = Time spent auto-exploring this place.
 F = Levels seen in this place.
 G = Mean time per level.
                   A        B        C        D        E       F      G
               +--------+--------+--------+--------+--------+-----+--------+
         Total |   2607 |   2577 |     30 |    818 |   1254 |   3 |  869.0 |
       Dungeon |   2607 |   2577 |     30 |    818 |   1254 |   3 |  869.0 |
               +--------+--------+--------+--------+--------+-----+--------+

Top non-repeatable levels by time:
     D:2: 1695 daAuts
     D:1: 887 daAuts
     D:3: 24 daAuts
